 Dungeon Crawl Stone Soup version 0.19.5 (webtiles) character file.

931 equalderp2856 the Slasher (level 7, -6/54 HPs)
             Began as a Mummy Fighter on Mar 30, 2017.
             Mangled by an ogre
             ... wielding a +0 giant club
              (20 damage)
             ... on level 5 of the Dungeon.
             The game lasted 00:09:52 (4995 turns).

equalderp2856 the Slasher (Mummy Fighter)           Turns: 4995, Time: 00:09:52

Health: -6/54      AC: 10    Str: 20    XL:     7   Next: 86%
Magic:  7/7        EV:  6    Int:  8    God:
Gold:   343        SH:  9    Dex: 12    Spells: 0 memorised, 6 levels left

rFire  x . .     SeeInvis .     a - +0 long sword
rCold  + . .     Gourm    .     p - +0 chain mail
rNeg   + + +     Faith    .     c - +0 shield
rPois  ∞         Spirit   .     (no helmet)
rElec  .         Reflect  .     (no cloak)
rCorr  .         Harm     .     (no gloves)
MR     .....                    s - +0 pair of boots
Stlth  ..........               (no amulet)
                                (no ring)
                                (no ring)

@: no status effects
A: no food or potions, fire vulnerability, cold resistance 1, negative energy
resistance 3, torment resistance, unbreathing
a: no special abilities


You were on level 5 of the Dungeon.
You were not hungry.

You visited 1 branch of the dungeon, and saw 5 of its levels.

You collected 343 gold pieces.

Inventory:

Hand Weapons
 a - a +0 long sword (weapon)
 g - a +0 hunting sling
 j - a +0 hunting sling
 m - a +0 short sword
 t - a +0 broad axe
Missiles
 e - 33 sling bullets
 k - 64 bolts
 n - 47 stones (quivered)
Armour
 b - a +0 scale mail
 c - a +0 shield (worn)
 l - a +2 robe of resistance
 p - a +0 chain mail (worn)
 s - a +0 pair of boots (worn)
 u - a +0 chain mail
Scrolls
 d - a scroll of immolation {unknown}
 f - 3 scrolls of remove curse {unknown}
 h - 4 scrolls of magic mapping {unknown}
 i - 6 scrolls of identify {unknown}
 o - 3 scrolls of noise {unknown}
 q - a scroll of blinking {unknown}
 r - a scroll of recharging {unknown}
 v - a scroll of random uselessness {unknown}
 w - a scroll of silence {unknown}
 x - a scroll of fear {unknown}
 y - a scroll of enchant armour {unknown}


   Skills:
 + Level 4.3 Fighting
 + Level 4.5 Long Blades
 + Level 3.9 Armour
 + Level 1.8 Dodging
 + Level 0.3 Stealth
 + Level 4.5 Shields


You had 6 spell levels left.
You didn't know any spells.

Dungeon Overview and Level Annotations

Branches:
Dungeon (5/15)
 Temple: D:4-7

Altars:
Dithmenos
Elyvilon
Gozag
Qazlal
Ru
Trog
Vehumet
Xom
The Shining One

Annotations:
D:4 Eustachio


Innate Abilities, Weirdness & Mutations

You do not eat or drink.
Your flesh is vulnerable to fire.
You are immune to poison.
Your flesh is cold resistant. (rC+)
You are immune to negative energy. (rN+++)
You are immune to unholy pain and torment.
You can survive without breathing.


Message History

Your shield prevents you from hitting the ogre.
The ogre is moderately wounded.
The ogre hits you with a giant club!
* * * LOW HITPOINT WARNING * * *
You are too injured to fight recklessly!
You are too injured to fight recklessly!
You are too injured to fight recklessly!
You are too injured to fight recklessly!
You are too injured to fight recklessly!
You are too injured to fight recklessly!
You are too injured to fight recklessly!
You are too injured to fight recklessly!
You are too injured to fight recklessly!
You are too injured to fight recklessly!
You are too injured to fight recklessly!
You are too injured to fight recklessly!
You slash the ogre!
The ogre is almost dead.
The ogre hits you with a giant club!!
You die...

#....# #....# #....# ##....#
.....# ####. #....# ##.... #.O..#
.....# #.@..# ### #### #...>#
##.### #.# #... #.#..# #.# ###.#
#... ####.#.#
#####.####...######...
.......#####.....................
##..)..##.....###.##....######...
#...†.........###.......######...
..#....####..........>..!.......#
.....#.####.......#.<.........###


You could see an ogre.

Vanquished Creatures
  Duvessa (D:4)
  2 ice beasts
  A bullfrog (D:4)
  Dowan (D:4)
  A scorpion (D:4)
  2 crimson imps (D:5)
  A bullfrog skeleton (D:4)
  2 hounds
  An iguana (D:3)
  6 worker ants
  A hound skeleton (D:4)
  A hound zombie (D:5)
  5 adders
  An ooze (D:3)
  A dart slug (D:2)
  5 worms
  3 leopard geckos
  5 orcs
  A ball python (D:3)
  6 bats
  3 giant cockroaches
  6 goblins
  5 hobgoblins
  7 kobolds
  A quokka (D:3)
  7 frilled lizards
  A leopard gecko skeleton (D:4)
  7 rats
84 creatures vanquished.

Notes
Turn   | Place    | Note
-------+----------+-------------------------------------------
     0 | D:1      | equalderp2856 the Mummy Fighter began the quest for the Orb.
     0 | D:1      | Reached XP level 1. HP: 18/18 MP: 1/1
   309 | D:1      | Reached XP level 2. HP: 22/24 MP: 2/2
   704 | D:1      | Found a shimmering altar of Xom.
   706 | D:1      | Found a radiant altar of Vehumet.
   706 | D:1      | Found a shadowy altar of Dithmenos.
   708 | D:1      | Found a stormy altar of Qazlal.
   708 | D:1      | Found a bloodstained altar of Trog.
   708 | D:1      | Found a white marble altar of Elyvilon.
   864 | D:2      | Found a glowing golden altar of the Shining One.
   939 | D:2      | Reached XP level 3. HP: 28/29 MP: 3/3
  1879 | D:3      | Reached XP level 4. HP: 30/35 MP: 4/4
  2107 | D:3      | Found a shadowy altar of Dithmenos.
  2588 | D:4      | Found an opulent altar of Gozag.
  2592 | D:4      | Noticed an ice beast
  2610 | D:4      | Killed an ice beast
  2610 | D:4      | Reached skill level 1 in Dodging
  2610 | D:4      | Reached XP level 5. HP: 16/41 MP: 5/5
  2840 | D:4      | Reached XP level 6. HP: 40/48 MP: 6/6
  2959 | D:4      | Found a sacrificial altar of Ru.
  3670 | D:5      | Entered Level 5 of the Dungeon
  3670 | D:5      | Noticed Duvessa
  3670 | D:5      | Noticed Dowan
  3676 | D:5      | Noticed Eustachio
  4082 | D:4      | Killed Duvessa
  4082 | D:4      | Reached XP level 7. HP: 49/54 MP: 7/7
  4126 | D:4      | Killed Dowan
  4995 | D:5      | Mangled by an ogre

Skill      XL: |  1  2  3  4  5  6  7 |
---------------+----------------------+-----
Long Blades    | 2 3 4 |  4.5
Shields        | 3 4 |  4.5
Dodging        | 1 |  1.8
Armour         | 3 |  3.9
Fighting       | 4 |  4.3
Stealth        | |  0.3

Action                   |  1- 3 |  4- 6 |  7- 9 || total
-------------------------+-------+-------+-------++-------
Melee: Long sword        |   133 |   234 |   139 ||   506
 Stab: Sleeping          |       |     1 |       ||     1
Armor: Scale mail        |    61 |       |       ||    61
       Robe              |     8 |    18 |       ||    26
       Chain mail        |       |    90 |    78 ||   168
Dodge: Dodged            |    55 |    68 |    24 ||   147
Block: Shield            |    85 |   124 |    75 ||   284
       Rpst.: Long sword |    14 |    25 |     6 ||    45
